cohdb
Replays
Latest Replays
All Replays
Popular Replays
Top Player Replays
Match Explorer
How It Works
Community
CoH3 Stats
Reddit
Sign in to upload your games and track your stats! →
Sign in with Steam
Match 44591864
Unlisted
Match 44591864
Overview
Messages
Build Orders
End
Construct Barracks
Selects Armored Battlegroup
Selects Assault Engineers
Assault Engineer Squad
Assault Engineer Squad
Assault Engineer Squad
Assault Engineer Squad
Infantry Support Center
M1 Mortar Team
Construct Medical Station
Construct Motor Pool
Selects Field Repairs
M24 Chaffee Light Tank
Selects Strength in Steel
M24 Chaffee Light Tank
M1 Mortar Team
Riflemen Squad
BELL CRANEL
F8
kdogg6238
Left Twix
woof_raff
一剑开天门
DonkeyKing
Friendly Mouse(Poxie)
0
0
Comments
sign in to comment!
No comments posted yet!